cohdb
Replays
Latest Replays
All Replays
Popular Replays
Top Player Replays
Match Explorer
How It Works
Community
CoH3 Stats
Reddit
Sign in to upload your games and track your stats! →
Sign in with Steam
Match 43991947
Unlisted
Match 43991947
Overview
Messages
Build Orders
End
Construct Weapon Support Center
Scout Squad
Selects Heavy Weapons
M1919 Machine Gun Team
M1919 Machine Gun Team
M1919 Machine Gun Team
M1919 Machine Gun Team
Infantry Support Center
Bazooka Squad
Selects Assault Carriers
M3 Assault Carrier
Selects Exchangeable Parts
M3 Assault Carrier
Engineer Squad
M3 Assault Carrier
Selects M2HB .50cal Heavy Machine Gun
M3 Assault Carrier
Construct Medical Station
M3 Assault Carrier
Bazooka Squad
Improved M9 Bazooka Rockets
Bazooka Squad
Selects M26 Pershing Heavy Tank
M26 Pershing Heavy Tank
Survival Training
Engineer Squad
CPU - Very Easy
Barbarossa
0
0
Comments
sign in to comment!
No comments posted yet!